 Dungeon Crawl Stone Soup version 0.19.1-1-g22dce08 (webtiles) character file.

607 Alarkh the Chopper (level 7, -2/52 HPs)
             Began as a Demonspawn Monk on Jan 5, 2017.
             Was a Believer of Okawaru.
             Slain by a killer bee (4 damage)
             ... on level 10 of the Dungeon.
             The game lasted 00:05:22 (3670 turns).

Alarkh the Chopper (Demonspawn Monk)                Turns: 3670, Time: 00:05:22

Health: -2/52      AC: 11    Str: 11    XL:     7   Next: 19%
Magic:  5/7        EV: 13    Int: 13    God:    Okawaru [**....]
Gold:   218        SH:  0    Dex: 16    Spells: 0 memorised, 6 levels left

rFire  . . .     SeeInvis .     a - +0 war axe
rCold  . . .     Gourm    .     b - +0 robe
rNeg   . . .     Faith    .     (no shield)
rPois  .         Spirit   .     i - +0 helmet
rElec  .         Reflect  .     (no cloak)
rCorr  .         Harm     .     n - +1 pair of gloves
MR     .....                    (no boots)
Stlth  ++........               (no amulet)
                                (no ring)
                                u - +3 ring of protection

@: lethally poisoned (-2 -> -21)
A: hooves 2, molten scales 2
a: Heroism, Renounce Religion


You were on level 10 of the Dungeon.
You worshipped Okawaru.
Okawaru was pleased with you.
You were not hungry.

You visited 1 branch of the dungeon, and saw 8 of its levels.

You collected 218 gold pieces.

Inventory:

Hand Weapons
 a - a +0 war axe (weapon)
 t - a +0 hand axe
Armour
 b - a +0 robe (worn)
 i - a +0 helmet (worn)
 n - a +1 pair of gloves (worn)
Jewellery
 u - a +3 ring of protection (left hand)
Wands
 w - a wand of acid (9/15)
Scrolls
 e - a scroll of blinking
 j - a scroll of recharging
 l - a scroll of identify {unknown}
 m - 3 scrolls of magic mapping
 o - a scroll of amnesia {unknown}
 p - a scroll of immolation {unknown}
 r - a scroll of remove curse
 s - a scroll of teleportation {unknown}
Potions
 h - a potion of heal wounds {unknown}
 k - a potion of cancellation
 q - a potion of curing {unknown}
Comestibles
 c - 5 bread rations
 d - 2 slices of pizza
 f - a meat ration
 g - 5 chunks of flesh
 v - a fruit


   Skills:
 - Level 3.0 Fighting
 + Level 7.6 Axes
 - Level 2.6 Dodging
 - Level 1.7 Stealth


You had 6 spell levels left.
You didn't know any spells.

Dungeon Overview and Level Annotations

Branches:
Dungeon (10/15)
 Temple: D:4-7         Lair: D:8-11         Orc: D:9-12

Altars:
Elyvilon
Fedhas
Kikubaaqudgha
Nemelex Xobeh
Okawaru
Sif Muna
Uskayaw

Annotations:
D:10 Exporg's ghost, novice MiBe


Innate Abilities, Weirdness & Mutations

You have hoof-like feet.
You are mostly covered in molten scales. (AC +3)


Message History

The killer bee stings you but does no damage.
The killer bee stings you.
* * * LOW HITPOINT WARNING * * *
You are more poisoned.
The killer bee poisons you! The killer bee barely misses you.
The killer bee closely misses you. The killer bee barely misses you.
You slash the killer bee! Your kick misses the killer bee.
The killer bee is severely wounded.
You closely miss the killer bee.
* * * LOW HITPOINT WARNING * * *
You feel very sick.
The killer bee stings you but does no damage. x2
The killer bee closely misses you. The killer bee misses you.
You slash the killer bee!
You kill the killer bee!
Okawaru accepts your kill.
You miss the killer bee.
* * * LOW HITPOINT WARNING * * *
You feel sick. The killer bee stings you.
You die...

#...#
#.#.##############
#.#......#........
#(######.#.######
#..........<....#
########........#
#...............#
...#.#.#############.#
.......y@†.W.... ..
..#.#.#.†...#### .#
#.#......... # #
.........# ##.######.#
#.# # #.# #.


You could see a killer bee and Exporg's ghost.

Vanquished Creatures
  An ogre (D:4)
  A bullfrog (D:7)
  4 killer bees (D:10)
  A crimson imp (D:7)
  An orc wizard (D:4)
  An iguana (D:3)
  11 adders
  4 worms (D:2)
  4 dart slugs
  2 leopard geckos
  3 orcs
  9 bats
  2 giant cockroaches
  9 goblins
  5 hobgoblins
  11 jackals
  3 quokkas
  2 ball pythons
  4 frilled lizards
  6 kobolds
  6 rats
90 creatures vanquished.

Notes
Turn   | Place    | Note
-------+----------+-------------------------------------------
     0 | D:1      | Alarkh the Demonspawn Monk began the quest for the Orb.
     0 | D:1      | Reached XP level 1. HP: 18/18 MP: 1/1
   126 | D:1      | Reached skill level 3 in Axes
   201 | D:1      | Gained mutation: You are partially covered in molten scales. (AC +2) [demonic ancestry]
   201 | D:1      | Reached XP level 2. HP: 24/24 MP: 2/2
   830 | D:2      | Reached XP level 3. HP: 26/29 MP: 3/3
   846 | D:2      | Reached skill level 4 in Axes
  1340 | D:2      | Gained mutation: You are mostly covered in molten scales. (AC +3) [demonic ancestry]
  1340 | D:2      | Reached XP level 4. HP: 30/35 MP: 4/4
  1824 | D:3      | Found a sparkling altar of Nemelex Xobeh.
  2043 | D:3      | Reached skill level 5 in Axes
  2154 | D:3      | Found an iron altar of Okawaru.
  2163 | D:3      | Became a worshipper of Warmaster Okawaru
  2163 | D:3      | Reached * piety under Okawaru
  2163 | D:3      | Reached ** piety under Okawaru
  2169 | D:3      | Reached XP level 5. HP: 33/41 MP: 5/5
  3373 | D:4      | Noticed an ogre
  3382 | D:4      | Killed an ogre
  3382 | D:4      | Reached skill level 6 in Axes
  3382 | D:4      | Gained mutation: You have large cloven feet. [demonic ancestry]
  3382 | D:4      | Reached XP level 6. HP: 47/47 MP: 6/6
  3447 | D:4      | You fall through a shaft for 3 floors!
  3520 | D:7      | Found an ancient bone altar of Kikubaaqudgha.
  3546 | D:9      | Found a hide-covered altar of Uskayaw.
  3548 | D:9      | Found a blossoming altar of Fedhas.
  3550 | D:9      | Found a white marble altar of Elyvilon.
  3550 | D:9      | Found a deep blue altar of Sif Muna.
  3629 | D:10     | Entered Level 10 of the Dungeon
  3663 | D:10     | Reached skill level 7 in Axes
  3663 | D:10     | Gained mutation: You have hoof-like feet. [demonic ancestry]
  3663 | D:10     | Reached XP level 7. HP: 33/52 MP: 4/7
  3666 | D:10     | Noticed Exporg's ghost (novice MiBe)
  3670 | D:10     | HP: 2/52 [poisoned by a killer bee]
  3670 | D:10     | Slain by a killer bee

Skill      XL: |  1  2  3  4  5  6 |
---------------+-------------------+-----
Axes           | 3 4 5 6 7 |  7.6
Fighting       | |  3.0
Dodging        | |  2.6
Stealth        | |  1.7

Action                   |  1- 3 |  4- 6 |  7- 9 || total
-------------------------+-------+-------+-------++-------
Melee: Hand axe          |   127 |    19 |       ||   146
       War axe           |       |   182 |     7 ||   189
       Kick              |       |     7 |     1 ||     8
       Punch             |       |     1 |       ||     1
Invok: Heroism           |       |     1 |       ||     1
  Use: Scroll            |     1 |     3 |       ||     4
       Potion            |     2 |     2 |       ||     4
 Stab: Sleeping          |     4 |     7 |       ||    11
  Eat: Chunk             |     2 |     7 |       ||     9
Armor: Robe              |    30 |    98 |    10 ||   138
       Skin              |       |     1 |       ||     1
Dodge: Dodged            |    77 |   206 |    21 ||   304
